 Dungeon Crawl Stone Soup version 0.20.1-1-g8b1a95d66d (webtiles) character file.

352 NullDivider the Sneak (level 6, -1/41 HPs)
             Began as an Octopode Artificer on Dec 1, 2017.
             Slain by endorz's ghost (10 damage)
             ... on level 4 of the Dungeon.
             The game lasted 00:16:09 (3845 turns).

NullDivider the Sneak (Octopode Artificer)          Turns: 3845, Time: 00:16:10

Health: -1/41      AC:  1    Str: 12    XL:     6   Next: 62%
Magic:  2/9        EV: 14    Int: 13    God:
Gold:   240        SH:  0    Dex: 14    Spells: 5/5 levels left

rFire    . . .     SeeInvis .   r - +1 dagger (drain)
rCold    . . .     Gourm    .   (no shield)
rNeg     . . .     Faith    .   (helmet restricted)
rPois    .         Spirit   .   (no amulet)
rElec    .         Reflect  .   (no ring)
rCorr    .         Harm     .   (no ring)
MR       .....                  (no ring)
Stlth    +++++.....             (no ring)
Regen    0.2/turn               (no ring)
MPRegen  0.2/turn               (no ring)
                                (no ring)
                                (no ring)

@: no status effects
A: almost no armour, stealthy swim, amphibious, 8 rings, constrict 8, camouflage
1, gelatinous body 1, evolution 1, MP-powered wands
a: no special abilities


You were on level 4 of the Dungeon.
You were not hungry.

You visited 1 branch of the dungeon, and saw 4 of its levels.
You also visited: Sewer.

You collected 240 gold pieces.

Inventory:

Hand Weapons
 r - a +1 dagger of draining (weapon)
Wands
 b - a wand of flame (7/48)
 c - a wand of enslavement (12/24)
 d - a wand of random effects (15/48)
Scrolls
 e - 2 scrolls of random uselessness {unknown}
 i - a scroll of teleportation {unknown}
 k - 2 scrolls of magic mapping {unknown}
 l - a scroll of fear {unknown}
 m - 2 scrolls of amnesia {unknown}
 s - a scroll of identify {unknown}
 w - a scroll of recharging {unknown}
 y - a scroll of remove curse {unknown}
Potions
 a - 3 potions of curing
 j - 2 potions of might {unknown}
 n - a potion of lignification {unknown}
 o - a potion of flight {unknown}
 p - a potion of agility {unknown}
 q - 5 potions of heal wounds {unknown}
 t - a potion of brilliance {unknown}
 x - a potion of invisibility {unknown}
Comestibles
 f - 3 bread rations
 g - 2 meat rations
 h - 6 fruits
 u - a royal jelly
 v - 2 chunks of flesh


   Skills:
 + Level 2.4 Fighting
 + Level 2.7 Short Blades
 + Level 3.5 Dodging
 * Level 5.0 Stealth
 + Level 4.5 Evocations


You had 5 spell levels left.
You didn't know any spells.

Dungeon Overview and Level Annotations

Branches:
Dungeon (4/15)
 Temple: D:4-7

Altars:
Gozag

Annotations:
D:4 endorz's ghost, amateur GrFi


Innate Abilities, Weirdness & Mutations

You cannot wear most types of armour.
You are very stealthy in the water. (Stealth+)
You are amphibious.
You can wear up to eight rings at the same time.
You can use your tentacles to constrict eight enemies at once.
Your skin changes colour to match your surroundings (Stealth+).
Your rubbery body absorbs attacks. (AC +1, EV +1)
You evolve.
You expend magic power (3 MP) to strengthen your wands.


Message History

Endorz's ghost barely misses you. Endorz's ghost stares at you.
Evoke which item? (* to show all) (? for menu, Esc to quit)
You don't have enough magic at the moment.
You hit endorz's ghost but do no damage.
Endorz's ghost is moderately damaged.
Endorz's ghost barely misses you.
You hit endorz's ghost but do no damage.
Endorz's ghost is moderately damaged.
Endorz's ghost says, "Crushing you to a pulp will hurt a lot.
After that?
Painless!
I promise!"
Endorz's ghost barely misses you. Endorz's ghost misses you.
You hit endorz's ghost but do no damage.
You squeeze endorz's ghost!
Endorz's ghost is severely damaged.
Endorz's ghost barely misses you.
You hit endorz's ghost but do no damage.
Endorz's ghost is severely damaged.
Endorz's ghost hits you!
You die...

≈≈≈P♣..♣≈......
.......≈≈♣.....
P≈P≈≈.≈≈≈≈≈..##.
≈P≈P≈.≈≈≈≈≈≈....
≈≈≈P≈.≈≈P≈≈≈♣...
♣P≈≈.≈≈≈≈≈≈P♣..
♣P≈.≈≈≈≈≈≈≈≈♣ .##
♣≈≈.J≈@≈≈P≈♣ ....
♣♣≈≈.≈W≈≈≈≈≈♣♣...#
♣≈≈≈.≈≈≈≈≈♣♣♣....#
♣♣≈≈≈.≈≈≈≈P♣ .....#
≈≈≈≈≈.≈≈≈≈♣♣♣...#.#
≈≈≈≈≈.≈≈≈≈♣♣.......
≈≈≈≈≈.≈≈≈♣≈$.......
≈≈≈≈≈.≈≈≈♣.......#.
≈≈PP≈.≈≈≈?.<(....#


You could see endorz's ghost and an ooze.

Vanquished Creatures
  A phantom (D:4)
  2 big kobolds (Sewer)
  Terence (D:2)
  An adder (D:2)
  A river rat (D:3)
  An ooze (Sewer)
  2 worms
  3 dart slugs (D:1)
  2 leopard geckos
  5 orcs (D:3)
  2 giant cockroaches
  5 goblins
  4 hobgoblins
  5 jackals
  2 quokkas (D:3)
  4 ball pythons (Sewer)
  11 bats
  6 frilled lizards
  11 kobolds
  9 rats
78 creatures vanquished.

Vanquished Creatures (collateral kills)
  3 kobolds (Sewer)
3 creatures vanquished.

Vanquished Creatures (others)
  A big kobold (Sewer)
1 creature vanquished.

Grand Total: 82 creatures vanquished

Notes
Turn   | Place    | Note
-------+----------+-------------------------------------------
     0 | D:1      | NullDivider the Octopode Artificer began the quest for the Orb.
     0 | D:1      | Reached XP level 1. HP: 13/13 MP: 3/3
    96 | D:1      | Reached XP level 2. HP: 6/18 MP: 4/4
   757 | D:1      | Reached skill level 2 in Stealth
   757 | D:1      | Reached XP level 3. HP: 22/23 MP: 5/5
  1331 | D:2      | Found an opulent altar of Gozag.
  1562 | D:2      | Noticed Terence
  1577 | D:2      | Killed Terence
  1577 | D:2      | Reached XP level 4. HP: 8/28 MP: 6/6
  2209 | D:2      | Reached skill level 3 in Stealth
  2317 | D:3      | Found a glowing drain.
  2526 | Sewer    | Entered a sewer
  2553 | Sewer    | Noticed a big kobold
  2574 | Sewer    | Gained mutation: You are frail. (-10% HP) [potion of mutation]
  2574 | Sewer    | Gained mutation: You expend magic power (3 MP) to strengthen your wands. [potion of mutation]
  2574 | Sewer    | Lost mutation: You are frail. (-10% HP) [potion of mutation]
  2574 | Sewer    | Gained mutation: You evolve. [potion of mutation]
  2581 | Sewer    | Killed a big kobold
  2581 | Sewer    | Reached XP level 5. HP: 4/34 MP: 4/8
  3218 | Sewer    | Noticed a big kobold
  3218 | Sewer    | Noticed a big kobold
  3231 | Sewer    | Killed a big kobold
  3231 | Sewer    | Reached skill level 4 in Stealth
  3232 | Sewer    | Reached XP level 6. HP: 39/39 MP: 6/9
  3819 | D:4      | Noticed a phantom
  3824 | D:4      | Noticed endorz's ghost (amateur GrFi)
  3831 | D:4      | Killed a phantom
  3831 | D:4      | Reached skill level 5 in Stealth
  3845 | D:4      | Slain by endorz's ghost

Skill      XL: |  1  2  3  4  5  6 |
---------------+-------------------+-----
Stealth        | 2 3 4 5 |  5.0
Short Blades   | 2 |  2.7
Evocations     | 4 |  4.5
Dodging        | 3 |  3.5
Fighting       | 2 |  2.4

Action                   |  1- 3 |  4- 6 || total
-------------------------+-------+-------++-------
Melee: Short sword       |    35 |       ||    35
       Constrict         |    23 |    21 ||    44
       Tentacles         |    14 |    17 ||    31
       Dagger            |    42 |    97 ||   139
Evoke: Wand              |     4 |     7 ||    11
  Use: Potion            |       |     2 ||     2
 Stab: Sleeping          |     3 |    13 ||    16
  Eat: Chunk             |     2 |     7 ||     9
Armor: Skin              |     9 |     3 ||    12
Dodge: Dodged            |    42 |    33 ||    75
